Map: Oxide LE

Players

MaxPax

  • Race: Protoss Protoss

uThermal - Winner!

  • Race: Terran Terran

Event: DreamHack SC2 Masters 2021 Fall

VOD

Have the link to the VOD?

Description

Time

  • Played on: Aug. 12, 2021, 9:59 a.m.
  • Length: 7:04

All games in this series

Show
View Real Time Build Order
Export as new Build Order

MaxPax Protoss 

Build Orders: Proxy Void Ray 

Get SALT Encoding   

  12  0:10  Pylon  
  12  0:12  Probe  
  13  0:24  Probe (Chrono Boost)  
  14  0:30  Gateway  
  15  0:36  Probe (Chrono Boost)  
  15  0:40  Assimilator  
  15  0:43  Probe (Chrono Boost)  
  15  0:49  Assimilator  
  16  0:53  Probe  
  17  1:06  Probe  
  18  1:17  Cybernetics Core  
  18  1:18  Zealot  
  20  1:19  Probe  
  21  1:29  Pylon  
  21  1:31  Probe  
  22  1:43  Probe  
  23  1:52  Adept (Chrono Boost)  
  23  1:53  Stargate  
  25  2:05  Shield Battery  
  25  2:12  Shield Battery  
  25  2:18  Adept  
  27  2:29  Void Ray (Chrono Boost)  
  30  2:47  Shield Battery  
  30  2:56  Pylon  
  30  3:08  Void Ray (Chrono Boost)  
  30  3:17  Shield Battery  
  34  3:24  Shield Battery  
  34  3:31  Probe  
  33  3:39  Void Ray (Chrono Boost)  
  37  3:57  Shield Battery, Warp Gate (Chrono Boost)  
  37  4:09  Shield Battery  
  37  4:10  Pylon  
  37  4:16  Gateway  
  37  4:24  Void Ray  
  37  4:49  Gateway  
  37  4:50  Probe  
  38  5:07  Phoenix  
  40  5:16  Twilight Council  
  40  5:28  Probe  
  41  5:37  Pylon  
  41  5:39  Stalker x2  
  45  5:55  Stalker  
  47  6:03  Stalker x2  
  45  6:24  Stalker  
  39  6:43  Zealot x2  
Show
View Real Time Build Order
Export as new Build Order

uThermal Terran - Winner!

Build Orders: Cyclone Opening 

Get SALT Encoding   

  12  0:00  SCV  
  13  0:12  SCV  
  14  0:18  Supply Depot  
  14  0:24  SCV  
  15  0:40  SCV  
  15  0:41  Barracks  
  16  0:46  Refinery  
  16  0:52  SCV  
  16  0:56  Refinery  
  17  1:04  SCV  
  18  1:16  SCV  
  19  1:28  Reaper, Orbital Command  
  20  1:43  Factory  
  20  1:54  SCV  
  21  2:00  Reaper  
  22  2:02  Supply Depot  
  22  2:03  Engineering Bay  
  22  2:07  SCV  
  23  2:23  SCV  
  23  2:27  Factory Tech Lab  
  23  2:29  Missile Turret  
  24  2:31  Missile Turret  
  24  2:46  Cyclone  
  24  2:47  Mag-Field Accelerator  
  28  2:56  Supply Depot  
  26  3:03  Missile Turret  
  25  3:22  Cyclone  
  28  3:31  SCV  
  28  3:41  Missile Turret  
  28  3:43  SCV  
  29  3:54  Cyclone  
  32  3:59  Missile Turret  
  32  4:06  Missile Turret  
  32  4:14  SCV  
  33  4:26  Cyclone  
  33  4:27  Missile Turret  
  33  4:30  SCV  
  37  4:45  SCV  
  37  4:47  Supply Depot  
  37  5:03  Supply Depot  
  37  5:04  SCV  
  38  5:09  Cyclone  
  41  5:15  Supply Depot  
  41  5:16  SCV, Missile Turret  
  42  5:21  Starport  
  42  5:37  SCV  
  42  5:41  Cyclone  
  46  5:49  SCV  
  46  5:57  Barracks Reactor  
  46  5:59  Viking  
  48  6:13  Cyclone  
  51  6:29  Viking, Supply Depot  
  53  6:34  Marine x2  
  55  6:43  SCV  

Tags
 
Add a new tag
Caveats
  • Supply blocks, unpowered buildings, or Contaminate may cause inaccurate times.
  • Supply counts are checked every 10 seconds.